 Dungeon Crawl Stone Soup version 0.26.1-11-gd32895ea62 (webtiles) character file.

Game seed: 8142676182433936777

15 Amplified the Chiller (level 2, -1/21 HPs)
             Began as a Barachi Ice Elementalist on July 5, 2021.
             Slain by a worm (7 damage)
             ... on level 2 of the Dungeon.
             The game lasted 00:00:54 (694 turns).

Amplified the Chiller (Barachi Ice Elementalist)     Turns: 694, Time: 00:00:54

Health: -1/21      AC:  4    Str:  9    XL:     2   Next: 50%
Magic:  5/5        EV: 12    Int: 15    God:
Gold:   54         SH:  0    Dex: 12    Spells: 5/6 levels left

rFire    . . .     SeeInvis .   g - +0 spear
rCold    . . .     Faith    .   (no shield)
rNeg     . . .     Spirit   .   a - +0 robe
rPois    .         Reflect  .   (no helmet)
rElec    .         Harm     .   (no cloak)
rCorr    .         Rampage  .   f - +1 pair of gloves
Will     .....     Rnd*Tele +   (no boots)
Stlth    ++........             d - amulet of magic regeneration
HPRegen  0.07/turn              i - ring of teleportation (curse)
MPRegen  0.34/turn              h - +4 ring of slaying

@: lethally poisoned (-1 -> -9), attractive, slow
A: +LOS, swims, slowness 1, strong legs 1
a: Hop


You were on level 2 of the Dungeon.
You visited 1 branch of the dungeon, and saw 2 of its levels.

You collected 54 gold pieces.

Inventory:

Hand Weapons
 g - a +0 spear (weapon)
Armour
 a - a +0 robe (worn)
 f - a +1 pair of gloves (worn)
Jewellery
 d - an amulet of magic regeneration (around neck)
 h - a +4 ring of slaying (right hand)
 i - a cursed ring of teleportation (left hand)
Scrolls
 c - 2 scrolls of identify
Potions
 b - a potion of might


   Skills:
 * Level 1.2 Fighting
 - Level 2.1 Dodging
 - Level 1.7 Stealth
 * Level 2.5 Spellcasting
 * Level 5.1 Ice Magic


You had 5 spell levels left.
You knew the following spells:

 Your Spells              Type           Power        Failure   Level
a - Freeze                Ice            68%          2%          1

Your spell library contained the following spells:

 Spells                   Type           Power        Failure   Level
 Frozen Ramparts          Ice            34%          8%          3
 Ozocubu's Armour         Ice            17%          8%          3
 Hailstorm                Conj/Ice       9%           58%         4
 Summon Ice Beast         Ice/Summ       9%           58%         4


Dungeon Overview and Level Annotations

Branches:
Dungeon (2/15)

Altars:

Annotations:
D:2 Sigmund


Innate Abilities, Weirdness & Mutations

You can be seen from farther away. (+LOS)
You can swim through water.
You cover ground slowly.
You can hop short distances.


Message History

Sigmund flickers and vanishes!
Deactivating autopickup; reactivate with Ctrl-A.
Something is pulled toward you! The worm is pulled toward you!
Unknown command.
Something is pulled toward you!
You bump into the rock wall.
Something hits you!
You feel less confused.
You see here a giant cockroach corpse.
Unknown command.
Okay, then.
Okay, then.
As you read the scroll labelled XEVAOF VAOFI, it crumbles to dust.
It is a scroll of identify.
h - a +4 ring of slaying Something hits you.
You are lethally poisoned!
h - a +4 ring of slaying (right hand)
* * * LOW HITPOINT WARNING * * *
You feel sick. The worm bites you!
You die...

..............
#.......?....
#.)...........
#######.......#.....
.......#..........# #..
.............##...### ...
.........{.......... ....
.#...#.#w###......# ....
.......#@###......## ....
...................##....
...##....................
.# #...................#
#....#............#.#
#....#...#...##......
#........#...##...#.#
..........##.####.....
...................>...


You could see a worm.

Vanquished Creatures
  An adder (D:2)
  A giant cockroach (D:2)
  A goblin (D:1)
  A hobgoblin (D:2)
  A bat (D:1)
  A kobold (D:1)
6 creatures vanquished.

Notes
Turn   | Place    | Note
-------+----------+-------------------------------------------
     0 | D:1      | Amplified the Barachi Ice Elementalist began the quest for
                  | the Orb.
     0 | D:1      | Reached XP level 1. HP: 13/13 MP: 3/3
   610 | D:2      | Reached skill level 1 in Fighting
   610 | D:2      | Reached skill level 5 in Ice Magic
   610 | D:2      | Reached XP level 2. HP: 21/21 MP: 3/5
   682 | D:2      | Noticed Sigmund
   694 | D:2      | Slain by a worm

Illustrated notes

Levels and vault maps discovered:
D:1:      dpeg_arrival_stonehenge_12_columns, layout_rooms
D:2:      layout_basic, uniq_sigmund

Skill      XL: |  1 |
---------------+----+-----
Fighting       | 1 |  1.2
Ice Magic      | 5 |  5.1
Dodging        | |  2.1
Stealth        | |  1.7
Spellcasting   | |  2.5

Action                   || total
-------------------------++-------
Melee: Unarmed           ||     5
       Spear             ||    10
 Cast: Freeze            ||     3
  Use: Potion            ||     2
       Scroll            ||     1
 Stab: Sleeping          ||     1
Armor: Robe              ||     1
Dodge: Dodged            ||    12
